 Dungeon Crawl Stone Soup version 0.29.0-13-gc9e81de378 (webtiles) character file.

Game seed: 17453639550145377521

136 RascalDebosk the Cudgeller (level 4, 0/44 HPs)
             Began as a Troll Gladiator on Sept 9, 2022.
             Slain by a quokka (4 damage)
             ... summoned by Eustachio
             ... on level 4 of the Dungeon.
             The game lasted 00:12:40 (2614 turns).

RascalDebosk the Cudgeller (Troll Gladiator)        Turns: 2614, Time: 00:12:41

Health: 0/44       AC:  4    Str: 22      XL:     4   Next: 98%
Magic:  3/3        EV: 10    Int:  6      God:
Gold:   152        SH:  0    Dex:  7 (11) Spells: 3/3 levels left

rFire   . . .      SeeInvis +   a - +0 flail
rCold   . . .      Faith    .   (no shield)
rNeg    . . .      Spirit   .   o - +0 robe
rPois   .          Reflect  .   c - +0 hat
rElec   .          Harm     .   (no cloak)
rCorr   .          Rampage  .   (gloves unavailable)
Will    .....                   (boots unavailable)
Stlth   +.........              (no amulet)
HPRegen 0.94/turn               r - +4 ring of slaying
MPRegen 0.08/turn               s - ring of see invisible

@: no status effects
A: large, unfitting armour, claws 3, regeneration 1, shaggy fur 1, tough skin 1
a: no special abilities


You were on level 4 of the Dungeon.
You visited 1 branch of the dungeon, and saw 4 of its levels.

You collected 152 gold pieces.

Inventory:

Hand Weapons
 a - a +0 flail (weapon)
Missiles
 d - 3 throwing nets (quivered)
 e - a large rock
 t - 11 poisoned darts
Armour
 c - a +0 hat (worn)
 o - a +0 robe (worn)
Jewellery
 r - a +4 ring of slaying (left claw)
 s - a ring of see invisible (right claw)
 x - a +4 ring of evasion
Scrolls
 b - 2 scrolls of teleportation {unknown}
 f - a scroll of immolation {unknown}
 g - a scroll of fear {unknown}
 h - a scroll of noise {unknown}
 i - a scroll of amnesia {unknown}
 j - 2 scrolls of enchant armour {unknown}
 k - 3 scrolls of identify {unknown}
 l - a scroll of butterflies {unknown}
 n - 2 scrolls of blinking {unknown}
 q - a scroll of acquirement {unknown}
 w - a scroll of magic mapping {unknown}
Potions
 m - 3 potions of lignification {unknown}
 p - a potion of mutation {unknown}
 u - a potion of ambrosia {unknown}
 v - a potion of curing {unknown}


   Skills:
 + Level 2.3 Fighting
 + Level 3.3 Maces & Flails
 + Level 2.7 Throwing
 + Level 3.0 Dodging
 + Level 1.1 Evocations


You had 3 spell levels left.
You didn't know any spells.
Your spell library was empty.

Dungeon Overview and Level Annotations

Branches:
Dungeon (4/15)
 Temple: D:4-7

Altars:
Fedhas

Portals:
Abyss: D:3

Annotations:
D:3 2 transporters, smilodon's ghost, amateur DsFi
D:4 Eustachio


Innate Abilities, Weirdness & Mutations

You are too large for most types of armour.
You have claws for hands.
Your natural rate of healing is unusually fast.
You are covered in fur. (AC +1)
You have tough skin. (AC +1)


Message History

You closely miss the rat. The quokka barely misses you. The rat misses you.
The quokka bites you.
You barely miss the river rat. The quokka closely misses you.
The river rat barely misses you.
You thump the river rat!
The river rat is almost dead.
The quokka bites you. The river rat bites you. The quokka bites you.
* * * LOW HITPOINT WARNING * * *
A quokka comes into view.
You completely miss the river rat.
The river rat is almost dead.
The quokka bites you.
* * * LOW HITPOINT WARNING * * *
The river rat bites you.
* * * LOW HITPOINT WARNING * * *
You sock the river rat!
You kill the river rat!
The river rat's corpse disappears in a puff of smoke!
The quokka barely misses you. The quokka closely misses you.
The rat bites you but does no damage.
You sock the rat!
You kill the rat!
The rat's corpse disappears in a puff of smoke!
The quokka misses you.
Eustachio zaps a wand.
The puff of flame hits you.
* * * LOW HITPOINT WARNING * * *
You barely miss the quokka. The quokka barely misses you. The quokka bites you.
* * * LOW HITPOINT WARNING * * *
Eustachio mumbles some strange words.
The quokka twitches its whiskers.
The quokka misses you.
The quokka bites you but does no damage.
You miss the quokka. The quokka bites you.
* * * LOW HITPOINT WARNING * * *
The quokka barely misses you.
You barely miss the quokka.
A giant cockroach comes into view.
The quokka barely misses you. The quokka bites you.
* * * LOW HITPOINT WARNING * * *
The quokka bites you.
You die...

#...................
#......$............
#......B............
#...................
#.?.................
....................
..........r@r.......
..#########rrr.#....
. #####@##......
#.......#.....
#.......# ...#
#.......#.#...
#.......#.# ##
#.....<.#.#
#.......#.#
#.......#.#
#.......#.########


You could see Eustachio, a river rat (summoned), 3 quokkas, a giant cockroach
(wandering) and a rat (summoned).

Vanquished Creatures
  Robin (D:3)
  2 adders
  4 worms
  A dart slug (D:2)
  9 endoplasms
  2 giant cockroaches
  15 goblins
  10 hobgoblins
  7 jackals
  5 kobolds
  3 quokkas
  7 ball pythons
  8 bats
  A frilled lizard (D:3)
  5 rats
80 creatures vanquished.

Notes
Turn   | Place    | Note
-------+----------+-------------------------------------------
     0 | D:1      | RascalDebosk the Troll Gladiator began the quest for the
                  | Orb.
     0 | D:1      | Reached XP level 1. HP: 19/19 MP: 0/0
   363 | D:1      | Reached XP level 2. HP: 27/28 MP: 1/1
  1360 | D:2      | Reached XP level 3. HP: 35/35 MP: 2/2
  1939 | D:3      | Reached XP level 4. HP: 42/42 MP: 3/3
  2009 | D:3      | Found a blossoming altar of Fedhas.
  2106 | D:3      | Found a transporter.
  2106 | D:3      | Noticed a small abomination
  2123 | D:3      | Found a transporter.
  2126 | D:3      | Found a one-way gate to the infinite horrors of the Abyss.
  2126 | D:3      | Noticed smilodon's ghost (amateur DsFi)
  2458 | D:4      | Noticed Robin
  2471 | D:3      | Killed Robin
  2474 | D:3      | Reached skill level 1 in Evocations
  2556 | D:4      | Noticed Eustachio
  2614 | D:4      | Slain by a quokka

Illustrated notes

Levels and vault maps discovered:
D:1:      minmay_arrival_three_doors, layout_basic, chequers_jeans,
          minmay_misc_feat_cross, minmay_pentomino_x2
D:2:      minmay_recursive_quarters, layout_loops_corners,
          kennysheep_generic_room_6
D:3:      layout_rooms, fedhas_altar_2, gammafunk_ghost_abyssal_escape,
          kennysheep_crisscross
D:4:      layout_basic, portal_sewer_entry_f, uniq_robin, uniq_eustachio

Skill      XL: |  1  2  3  4 |
---------------+-------------+-----
Throwing       | 2 |  2.7
Maces & Flails | 3 |  3.3
Fighting       | 2 |  2.3
Dodging        | 3 |  3.0
Evocations     | 1 |  1.1

Action                   |  1- 3 |  4- 6 || total
-------------------------+-------+-------++-------
Melee: Flail             |   165 |   123 ||   288
       Punch             |     2 |       ||     2
Armor: Robe              |    96 |   114 ||   210
Dodge: Dodged            |   140 |   183 ||   323
